trackhack, chaotic female elven Ranger ----- --- ------------------ --- ---- --...| ----|.| |................|--------------|.-- --..-- --....------..||.| |.............(..|?.%|..|...|...|..---------....--- |<.........| .-|.|...-..--|--.........|[%*|..|... ...|.................| |.|..|..--.--..|.| |..|...|..-----..|...|..|-|---|--...---------.....| |.|-.|---|.[.....-----..|...|--|...|..--|---|-.......@@|.---..-- --....| |.|-.| ----...|. .....|...| |(..-.............-----.........| --..-- |.|..| |.|....|. ....|---| |((.|......--+-...|...|...a.....| |.-- |.|..| -...|.|.- -...|(((|+------..{.[.| |...-...|..--@...-- |.| |....| ----|.|.| +...|(((|.......)..[..| |...|...|..||.d..| |.| |....| |.|.| |...|...|-+-.....---|-------------.---....| ---.| |....| |.|.----...--|-| |..-|-|....)................---- |...| |.|..| |.....|........| |..|..|----....---------....| |...| |.|--- ---...|..#.....----..|..|%%.-....|......||...-| |..-- --.| --...|-....{.[......|..|%%.|....-...._.||....| ---- --..| ---....--..|....#.....--------....|......||....-- |...-- |..........|-............ .......|---------....- |....| -.......----------..--..-- --.....| |....|..| ---.-- |...|..--- ---- --- --.|.-- |...----- --- -------- ----- ----- trackhack the Trailblazer Experience level: 6 Strength: 15 Dexterity: 15 Constitution: 13 Intelligence: 14 Wisdom: 13 Charisma: 8 Health: 0(37) Energy: 33(33) Def: 8 Gold: 179 Moves: 3116 Dungeon seed: k2gZY09rDTN4cuZu Game ID: trackhack_1478011551 Your Inventory: Coins $ - 179 gold pieces Weapons a - an uncursed +1 elven dagger (weapon in hand) b - an uncursed +1 elven bow (alternate weapon; not wielded) c - 57 uncursed +2 elven arrows d - 36 uncursed +0 elven arrows t - 27 uncursed +0 arrows y - 2 uncursed +1 daggers named +1 J - an uncursed +0 elven dagger M - 3 uncursed +0 daggers Q - 5 blessed +0 daggers S - 7 blessed +0 ya T - 10 uncursed +0 darts Armor e - an uncursed +2 elven cloak (being worn) q - an uncursed +0 leather armor (being worn) r - an uncursed +0 pair of jumping boots (being worn) N - an uncursed +0 dwarvish iron helm (being worn) O - an uncursed +0 dwarvish cloak Comestibles f - 5 uncursed lembas wafers j - an uncursed clove of garlic l - 3 uncursed food rations v - an uncursed fortune cookie x - an uncursed cherry F - an uncursed lizard corpse Scrolls g - an uncursed scroll of teleportation Potions h - an uncursed potion of extra healing i - a blessed potion of fruit juice p - an uncursed potion of restore ability C - an uncursed potion of healing Rings k - a cursed -2 ring of gain constitution Tools m - 9 uncursed tallow candles (0:200) o - an uncursed leash (in use) w - an uncursed credit card A - 3 cursed wax candles (0:400) B - 5 uncursed partly used wax candles (lit) (0:316) D - an uncursed blindfold G - 5 blessed wax candles (0:400) I - an uncursed expensive camera (0:31) R - an uncursed mirror Gems n - an uncursed worthless piece of red glass z - an uncursed worthless piece of yellowish brown glass E - 2 uncursed worthless pieces of yellow glass K - an uncursed worthless piece of green glass L - an uncursed worthless piece of violet glass X - an uncursed luckstone Y - an uncursed worthless piece of black glass Z - an uncursed turquoise stone Spells and supernatural/magical abilities: Name Level Category Fail Memory W - pray for help -- divine ? -- Y - supernatural jump -- ability ? -- Your skills at the end: Fighting Skills Weapon Skills dagger [Basic] bow [Basic] Spellcasting Skills Final Attributes: You were piously aligned. You were sleep resistant. You had automatic searching. You had infravision. You were stealthy. You could jump. You were lucky. You had extra luck. Bad luck did not time out for you. Good luck did not time out for you. You are dead. Vanquished creatures: a gnome king a lizard a dog a mountain nymph a yellow light a shrieker 6 gnome lords a gnomish wizard a straw golem a baby crocodile 8 dwarves a homunculus 3 hobbits 9 manes a large kobold a yellow mold 21 gnomes a gnome zombie 3 jackals a kobold 3 goblins 6 sewer rats 12 grid bugs 2 lichens 7 newts 94 creatures vanquished. Voluntary challenges: You had been an atheist until turn 2519. You used a wielded weapon 134 times, starting on turn 13. You read items or engraved 6 times, starting on turn 2704. You never genocided any monsters. You never polymorphed an object. You never changed form. You used no wishes. You never split a pudding. You wrote Elbereth's name 5 times, starting on turn 2704. You never violated your personal moral code. Dungeon overview: The Dungeons of Doom: levels 1 to 3 Level 1 some fountains a long staircase Level 2 Level 3 a general store stairs to The Gnomish Mines The Gnomish Mines: levels 4 to 7 Level 4 stairs to The Dungeons of Doom Level 5 Level 6 <- You were here many shops, a temple to Mercury, some fountains, some trees Level 7 History has recorded: On T:1 you entered the Dungeons of Doom to retrieve the Amulet of Yendor! On T:83 you reached level 2 of The Dungeons of Doom. On T:265 you advanced to experience level 2. On T:549 you reached level 3 of The Dungeons of Doom. On T:697 you reached level 1 of The Gnomish Mines. On T:1270 you advanced to experience level 3. On T:1325 you advanced to experience level 4. On T:1612 you advanced to experience level 5. On T:1651 you reached level 2 of The Gnomish Mines. On T:2220 you advanced to experience level 6. On T:2292 you reached level 3 of The Gnomish Mines. On T:3100 you reached level 4 of The Gnomish Mines. Score breakdown: Gold: 179 ( 7671 points) Experience: 6 levels (12456 points) Exploration: 7 levels ( 13.73%) (10392 points) Discoveries: 4 items ( 1.38%) ( 3523 points) Valuables value: (no points given unless you survive) Artifact value: 0 ( 0 points) Variety of kills: 25 monsters ( 6.56%) ( 7684 points) Turncount: 3116 turns ( -656 points) Survival: died (score multiplied by 80%) Total score: 32856 Latest messages: The gnome shoots a crossbow bolt! The crossbow bolt hits the giant spider! The giant spider bites! Polaris whines. The giant spider misses. You miss the giant spider. Polaris whines. The gnome shoots a crossbow bolt! The crossbow bolt misses the giant spider. The crossbow bolt misses Polaris. The giant spider misses. The giant spider just misses! You miss the giant spider. Polaris whines. The hobbit throws an elven dagger! The runed dagger hits Polaris. The giant spider bites! You hit the giant spider. The giant spider bites! (2x) The soldier ant misses. The soldier ant stings! You die... Final status: Goodbye trackhack the Ranger, killed by a soldier ant... You died in The Gnomish Mines on dungeon level 6 with 32856 points, and 179 pieces of gold, after 3116 moves. You were level 6 with a maximum of 37 hit points when you died.